 Dungeon Crawl Stone Soup version 0.20.1-1-g8b1a95d (webtiles) character file.

389 Marthos the Magician (level 6, -1/41 HPs)
             Began as a Mummy Summoner on Dec 5, 2017.
             Was an Initiate of Sif Muna.
             Slain by an ice beast (3 damage)
             ... on level 5 of the Dungeon.
             The game lasted 00:13:02 (6494 turns).

Marthos the Magician (Mummy Summoner)               Turns: 6494, Time: 00:13:03

Health: -1/41      AC:  3    Str: 12    XL:     6   Next: 49%
Magic:  4/15       EV: 12    Int: 16    God:    Sif Muna [......]
Gold:   245        SH:  0    Dex: 12    Spells: 8/17 levels left

rFire    . . .     SeeInvis .   c - -2 whip (curse)
rCold    + . .     Gourm    .   (no shield)
rNeg     + + +     Faith    .   a - +0 robe
rPois    ∞         Spirit   .   (no helmet)
rElec    .         Reflect  .   (no cloak)
rCorr    .         Harm     .   (no gloves)
MR       .....                  j - +0 pair of boots
Stlth    ++........             (no amulet)
Regen    0.2/turn               g - ring of protection from fire
MPRegen  0.2/turn               (no ring)

@: no status effects
A: no food or potions, fire vulnerability, cold resistance 1, negative energy
resistance 3, torment resistance, unbreathing
a: Renounce Religion


You were on level 5 of the Dungeon.
You worshipped Sif Muna.
Sif Muna was noncommittal.
You were not hungry.

You visited 1 branch of the dungeon, and saw 5 of its levels.

You collected 245 gold pieces.

Inventory:

Hand Weapons
 c - a cursed -2 whip (weapon)
 h - a +1 flail of protection
Armour
 a - a +0 robe (worn)
 j - a +0 pair of boots (worn)
Jewellery
 g - a ring of protection from fire (left hand)
Scrolls
 d - a scroll of recharging
 e - 2 scrolls of identify
 f - a scroll of enchant weapon
Books
 b - a book of Callings

   Spells                             Type                      Level
   a - Summon Small Mammal            Summoning                    1
   b - Call Imp                       Summoning                    2
   c - Call Canine Familiar           Summoning                    3
   d - Summon Guardian Golem          Hexes/Summoning              3
   e - Summon Lightning Spire         Summoning/Air                4
   f - Summon Ice Beast               Ice/Summoning                4


   Skills:
 - Level 1.5 Dodging
 - Level 1.5 Stealth
 * Level 6.4 Spellcasting
 * Level 5.0 Summonings


You had 8 spell levels left.
You knew the following spells:

 Your Spells              Type           Power        Failure   Level  Hunger
a - Summon Small Mammal   Summ           ###.         1%          1    N/A
b - Call Imp              Summ           ###.....     2%          2    N/A
c - Call Canine Familiar  Summ           ###.....     4%          3    N/A
d - Summon Guardian Gole  Hex/Summ       ##......     14%         3    N/A

Dungeon Overview and Level Annotations

Branches:
Dungeon (5/15)             Temple (0/1) D:4

Altars:
Ashenzari
Cheibriados
Dithmenos
Fedhas
Nemelex Xobeh
Okawaru
Sif Muna
Trog


Innate Abilities, Weirdness & Mutations

You do not eat or drink.
Your flesh is vulnerable to fire.
You are immune to poison.
Your flesh is cold resistant. (rC+)
You are immune to negative energy. (rN+++)
You are immune to unholy pain and torment.
You can survive without breathing.


Message History

Your crimson imp barely misses the ice beast.
Your hound bites the ice beast.
Your white imp closely misses the ice beast.
Your crimson imp barely misses the ice beast.
The ice beast hits you but does no damage.
Your hound barely misses the ice beast.
Your crimson imp hits the ice beast.
Your white imp closely misses the ice beast.
Your hound barely misses the ice beast.
Your crimson imp barely misses the ice beast.
The ice beast hits you. The ice beast freezes you! You resist.
* * * LOW HITPOINT WARNING * * *
Unknown command.
You swap places.
Your crimson imp hits the ice beast but does no damage.
Your hound bites the ice beast but does no damage.
Your white imp barely misses the ice beast.
The ice beast hits you.
* * * LOW HITPOINT WARNING * * *
The ice beast freezes you. You resist.
You die...

#######
#.85..#
#5Yh..#
#.@5..#
+.....+
#.....#
##.#.#.#
##.#.#.#
# #.#.#
#. . #.


You could see an ice beast, a friendly guardian golem, a friendly hound, 2
friendly crimson imps and a friendly white imp.

Vanquished Creatures
  Terence (D:3)
  An adder (D:4)
  An orc (D:3)
  3 bats
  A giant cockroach (D:2)
  4 goblins
  A jackal (D:1)
  3 frilled lizards
  A kobold (D:3)
  3 rats (D:3)
19 creatures vanquished.

Vanquished Creatures (collateral kills)
  An ogre (D:4)
  The ghost of ak87 the Changer, an amateur DgTm (D:3)
  A bullfrog (D:2)
  A scorpion (D:4)
  A howler monkey (D:4)
  A gnoll shaman (D:4)
  3 orc wizards
  5 gnolls (D:4)
  6 adders
  3 oozes
  4 worms (D:2)
  2 dart slugs (D:1)
  6 leopard geckos
  6 orcs (D:4)
  7 bats
  7 giant cockroaches
  5 goblins
  8 hobgoblins
  6 jackals
  6 kobolds
  3 quokkas
  2 ball pythons
  2 frilled lizards
  A jackal skeleton (D:4)
  A leopard gecko skeleton (D:4)
  11 rats
100 creatures vanquished.

Grand Total: 119 creatures vanquished

Notes
Turn   | Place    | Note
-------+----------+-------------------------------------------
     0 | D:1      | Marthos the Mummy Summoner began the quest for the Orb.
     0 | D:1      | Reached XP level 1. HP: 13/13 MP: 4/4
   556 | D:1      | Reached skill level 3 in Spellcasting
   597 | D:1      | Reached XP level 2. HP: 8/19 MP: 1/6
  1273 | D:1      | Learned a level 2 spell: Call Imp
  1943 | D:1      | Reached XP level 3. HP: 23/24 MP: 2/8
  2066 | D:2      | Found a snail-covered altar of Cheibriados.
  2650 | D:2      | Reached skill level 4 in Spellcasting
  3307 | D:2      | Noticed a bullfrog
  3316 | D:2      | Killed a bullfrog
  3316 | D:2      | Reached XP level 4. HP: 13/30 MP: 2/10
  3487 | D:2      | Learned a level 3 spell: Call Canine Familiar
  3506 | D:3      | Found an iron altar of Okawaru.
  3525 | D:3      | Found a sparkling altar of Nemelex Xobeh.
  3562 | D:3      | Noticed Terence
  3582 | D:3      | Killed Terence
  3903 | D:3      | Noticed ak87's ghost (amateur DgTm)
  3914 | D:3      | Killed ak87's ghost
  3914 | D:3      | Reached skill level 5 in Spellcasting
  3914 | D:3      | Reached XP level 5. HP: 19/35 MP: 2/12
  4592 | D:4      | Noticed an ogre
  4602 | D:4      | Killed an ogre
  5149 | D:4      | Reached XP level 6. HP: 33/41 MP: 4/14
  5183 | D:4      | Found a blossoming altar of Fedhas.
  5185 | D:4      | Found a shadowy altar of Dithmenos.
  5331 | D:4      | Reached skill level 6 in Spellcasting
  5410 | D:4      | HP: 2/41 [gnoll/flail of protection (9)]
  5734 | D:4      | Reached skill level 5 in Summonings
  5859 | D:4      | Found a shattered altar of Ashenzari.
  6006 | D:4      | Found a bloodstained altar of Trog.
  6122 | D:4      | Found a deep blue altar of Sif Muna.
  6126 | D:4      | Became a worshipper of Sif Muna the Loreminder
  6247 | D:4      | Found a staircase to the Ecumenical Temple.
  6412 | D:5      | Entered Level 5 of the Dungeon
  6475 | D:5      | Noticed an ice beast
  6481 | D:4      | Learned a level 3 spell: Summon Guardian Golem
  6494 | D:5      | HP: 2/41 [ice beast (5)]
  6494 | D:5      | Slain by an ice beast

Skill      XL: |  1  2  3  4  5  6 |
---------------+-------------------+-----
Spellcasting   | 3 4 5 6 |  6.4
Summonings     | 4 5 |  5.0
Dodging        | |  1.5
Stealth        | |  1.5

Action                   |  1- 3 |  4- 6 || total
-------------------------+-------+-------++-------
Melee: Unarmed           |    29 |       ||    29
       Whip              |    95 |    95 ||   190
 Cast: Summon Small Mamm |    37 |     5 ||    42
       Call Imp          |    52 |    45 ||    97
       Call Canine Famil |       |    26 ||    26
       Summon Guardian G |       |     1 ||     1
  Use: Scroll            |     3 |     3 ||     6
 Stab: Sleeping          |       |     1 ||     1
Armor: Robe              |    59 |    22 ||    81
Dodge: Dodged            |   178 |   123 ||   301
